[ AOE2 MATCH · #475444901 ]
UnrankedGoths vs Magyars
[ REPLAY ANALYSIS · EXTRACTED FROM THE RECORDED GAME ]
Feudal
12:15
Castle
23:29
Imperial
—
| APM avg | 17.2 |
| APM peak | 53 |
| eAPM avg | 11.9 |
| Villagers / military | 99 / 218 |
Focus
⚔️ 47.2% · 🌾 52.8%
Huskarl ×69 · Skirmisher ×68 · Spearman ×66 · Militia ×8 · Battering Ram ×5 · Mangonel ×2
Feudal
9:55
Castle
16:15
Imperial
32:30
| APM avg | 27.9 |
| APM peak | 60 |
| eAPM avg | 13.9 |
| Villagers / military | 102 / 318 |
Focus
⚔️ 34.3% · 🌾 65.7%
Leitis ×193 · Skirmisher ×95 · Spearman ×20 · Knight ×5 · Monk ×2 · Trebuchet (Packed) ×2
Feudal
10:32
Castle
20:04
Imperial
34:36
| APM avg | 17.1 |
| APM peak | 39 |
| eAPM avg | 8.7 |
| Villagers / military | 137 / 302 |
Focus
⚔️ 31.6% · 🌾 68.4%
Magyar Huszar ×169 · Cavalry Archer ×124 · Trebuchet (Packed) ×5 · Trade Cart ×4 · Scout Cavalry ×4
Feudal
12:58
Castle
29:54
Imperial
57:26
| APM avg | 18.9 |
| APM peak | 65 |
| eAPM avg | 7.0 |
| Villagers / military | 87 / 189 |
Focus
⚔️ 33.5% · 🌾 66.5%
Spearman ×68 · Arambai ×53 · Skirmisher ×47 · Militia ×21
Feudal
11:08
Castle
24:36
Imperial
32:44
| APM avg | 17.9 |
| APM peak | 64 |
| eAPM avg | 14.6 |
| Villagers / military | 125 / 326 |
Focus
⚔️ 49.7% · 🌾 50.3%
Hand Cannoneer ×92 · Archer ×88 · Knight ×53 · Spearman ×39 · Camel Scout ×31 · Skirmisher ×19
Feudal
9:58
Castle
24:18
Imperial
38:07
| APM avg | 35.5 |
| APM peak | 82 |
| eAPM avg | 17.0 |
| Villagers / military | 83 / 52 |
Focus
⚔️ 56.1% · 🌾 43.9%
Unknown (2550) ×382 · Spearman ×34 · Trade Cart ×28 · Battering Ram ×14 · Trebuchet (Packed) ×4
Feudal
11:22
Castle
28:27
Imperial
44:35
| APM avg | 13.5 |
| APM peak | 37 |
| eAPM avg | 10.7 |
| Villagers / military | 139 / 125 |
Focus
⚔️ 33.0% · 🌾 67.0%
Teutonic Knight ×61 · Militia ×26 · Spearman ×16 · Trade Cart ×13 · Scorpion ×9 · Bombard Cannon ×7
Feudal
15:08
Castle
23:31
Imperial
41:43
| APM avg | 32.1 |
| APM peak | 88 |
| eAPM avg | 18.9 |
| Villagers / military | 210 / 139 |
Focus
⚔️ 29.6% · 🌾 70.4%
War Elephant ×132 · Trade Cart ×31 · Bombard Cannon ×5 · Monk ×2
Match map
Initial resources + every placement click. Lines = walls · curves = elevation contours. ◆ gold · ⬟ stone · ● berries · ✦ relic · ◌ wall gap
Your base· Open — unwalled flank
oblivion9595's base· Open — unwalled flank
Stinsen_WX's base· Open — unwalled flank
gebry_ct_94's base· Open — unwalled flank
ek55's base· Open — unwalled flank
Gnaffgnaff's base· Open — unwalled flank
anmichpap's base· ✓ Closed at 28:27 · 125t walls · no gate
1627684093's base· Open — unwalled flank
Smoothed initial terrain · ◌ = detected wall gap · hover for details
Inputs per minute
— PokerCoffee - - oblivion9595
Build order — PokerCoffee
First 150 of 453 actions detected
| 0:06 | Build | House |
| 0:10 | Build | House |
| 0:12 | Create | Villager (Male) |
| 0:12 | Create | Villager (Male) |
| 0:12 | Create | Villager (Male) |
| 0:13 | Create | Villager (Male) |
| 0:13 | Create | Villager (Male) |
| 1:37 | Create | Villager (Male) |
| 1:40 | Research | Loom |
| 2:01 | Build | Lumber Camp |
| 2:15 | Create | Villager (Male) |
| 2:28 | Create | Villager (Male) |
| 3:02 | Create | Villager (Male) |
| 3:18 | Create | Villager (Male) |
| 4:08 | Create | Villager (Male) |
| 4:42 | Build | Mill |
| 4:47 | Create | Villager (Male) |
| 5:08 | Build | House |
| 5:12 | Create | Villager (Male) |
| 5:35 | Create | Villager (Male) |
| 5:45 | Create | Villager (Male) |
| 6:21 | Create | Villager (Male) |
| 6:21 | Create | Villager (Male) |
| 6:39 | Create | Villager (Male) |
| 6:39 | Create | Villager (Male) |
| 7:20 | Build | House |
| 7:33 | Build | Farm |
| 7:44 | Build | Farm |
| 7:53 | Create | Villager (Male) |
| 8:34 | Build | House |
| 8:57 | Build | Mining Camp |
| 9:07 | Create | Villager (Male) |
| 9:21 | Build | Mining Camp |
| 9:35 | Create | Villager (Male) |
| 9:45 | Research | Feudal Age |
| 9:49 | Build | House |
| 10:14 | Build | Farm |
| 11:02 | Build | Barracks |
| 11:13 | Create | Villager (Male) |
| 11:13 | Create | Villager (Male) |
| 12:15 | Age | Feudal Age |
| 12:20 | Create | Villager (Male) |
| 12:20 | Create | Villager (Male) |
| 12:24 | Create | Militia |
| 12:25 | Create | Militia |
| 12:26 | Create | Militia |
| 12:28 | Research | Man-at-Arms (upgrade) |
| 12:33 | Build | Farm |
| 12:55 | Build | Blacksmith |
| 13:03 | Create | Villager (Male) |
| 13:03 | Create | Villager (Male) |
| 13:39 | Build | Farm |
| 13:50 | Build | House |
| 14:24 | Build | Farm |
| 15:10 | Create | Spearman |
| 15:10 | Create | Spearman |
| 15:10 | Create | Spearman |
| 15:11 | Create | Spearman |
| 15:31 | Create | Spearman |
| 15:31 | Create | Spearman |
| 15:43 | Build | Farm |
| 15:47 | Build | Farm |
| 15:53 | Build | Farm |
| 16:24 | Build | House |
| 16:50 | Create | Villager (Male) |
| 16:51 | Create | Villager (Male) |
| 17:03 | Create | Villager (Male) |
| 17:29 | Build | Farm |
| 17:44 | Create | Villager (Male) |
| 17:49 | Build | House |
| 18:17 | Build | Watch Tower |
| 18:30 | Create | Villager (Male) |
| 18:44 | Build | Stable |
| 19:13 | Build | Market |
| 19:32 | Create | Militia |
| 19:33 | Create | Militia |
| 19:33 | Create | Militia |
| 19:34 | Create | Militia |
| 19:34 | Create | Militia |
| 19:41 | Create | Villager (Male) |
| 20:02 | Build | House |
| 20:16 | Build | Mill |
| 20:21 | Create | Villager (Male) |
| 20:49 | Research | Castle Age |
| 21:01 | Build | Barracks |
| 21:14 | Create | Villager (Male) |
| 21:14 | Create | Villager (Male) |
| 22:10 | Build | House |
| 22:25 | Build | Palisade Wall |
| 22:37 | Build | Palisade Gate |
| 22:43 | Create | Villager (Male) |
| 22:43 | Create | Villager (Male) |
| 22:57 | Research | Stone Mining |
| 22:57 | Research | Gold Mining |
| 23:02 | Research | Horse Collar |
| 23:26 | Build | Palisade Wall |
| 23:29 | Age | Castle Age |
| 23:44 | Build | House |
| 23:59 | Build | Palisade Wall |
| 24:07 | Build | Palisade Gate |
| 24:11 | Create | Villager (Male) |
| 24:16 | Research | Forging |
| 24:17 | Research | Scale Mail Armor |
| 24:30 | Build | Farm |
| 24:35 | Build | Farm |
| 24:42 | Create | Villager (Male) |
| 24:58 | Build | Barracks |
| 25:15 | Build | House |
| 25:22 | Build | House |
| 25:34 | Create | Villager (Male) |
| 25:34 | Create | Villager (Male) |
| 25:41 | Build | House |
| 26:03 | Build | Farm |
| 26:27 | Build | Farm |
| 26:42 | Create | Villager (Male) |
| 26:42 | Create | Villager (Male) |
| 26:42 | Create | Villager (Male) |
| 27:16 | Research | Iron Casting |
| 28:15 | Create | Spearman |
| 28:15 | Create | Spearman |
| 28:15 | Create | Spearman |
| 28:15 | Create | Spearman |
| 28:16 | Create | Spearman |
| 28:23 | Build | Castle |
| 28:39 | Build | Archery Range |
| 28:40 | Build | Archery Range |
| 30:13 | Create | Villager (Male) |
| 30:13 | Create | Villager (Male) |
| 30:14 | Create | Villager (Male) |
| 30:14 | Create | Villager (Male) |
| 30:14 | Create | Villager (Male) |
| 30:14 | Create | Villager (Male) |
| 30:28 | Create | Villager (Male) |
| 30:28 | Create | Villager (Male) |
| 30:34 | Create | Skirmisher |
| 30:34 | Create | Skirmisher |
| 30:35 | Create | Skirmisher |
| 31:40 | Build | Archery Range |
| 31:53 | Create | Villager (Male) |
| 32:25 | Build | Archery Range |
| 32:45 | Build | House |
| 32:52 | Build | Palisade Gate |
| 32:57 | Research | Heavy Plow |
| 33:02 | Research | Double-Bit Axe |
| 33:31 | Build | Town Center |
| 33:35 | Create | Villager (Male) |
| 33:50 | Build | Palisade Wall |
| 34:09 | Build | Siege Workshop |
| 34:48 | Research | Bow Saw |
| 35:02 | Research | Squires |
Build order — oblivion9595
First 150 of 336 actions detected
| 0:01 | Create | Villager (Male) |
| 0:01 | Create | Villager (Male) |
| 0:01 | Create | Villager (Male) |
| 0:02 | Build | House |
| 0:04 | Build | House |
| 0:32 | Create | Villager (Male) |
| 0:42 | Create | Villager (Male) |
| 0:42 | Create | Villager (Male) |
| 0:42 | Create | Villager (Male) |
| 1:39 | Create | Villager (Male) |
| 2:06 | Create | Villager (Male) |
| 2:25 | Create | Villager (Male) |
| 2:54 | Create | Villager (Male) |
| 3:09 | Build | Lumber Camp |
| 3:25 | Create | Villager (Male) |
| 3:46 | Build | House |
| 3:48 | Build | House |
| 4:04 | Create | Villager (Male) |
| 4:04 | Create | Villager (Male) |
| 5:02 | Create | Villager (Male) |
| 5:05 | Create | Villager (Male) |
| 5:05 | Create | Villager (Male) |
| 5:46 | Create | Villager (Male) |
| 5:54 | Build | Mill |
| 7:45 | Research | Feudal Age |
| 8:16 | Build | Farm |
| 8:20 | Build | Farm |
| 8:20 | Build | Farm |
| 8:41 | Build | Farm |
| 8:42 | Build | Farm |
| 8:45 | Build | Farm |
| 9:04 | Build | House |
| 9:12 | Build | House |
| 9:24 | Create | Villager (Male) |
| 9:24 | Create | Villager (Male) |
| 9:24 | Create | Villager (Male) |
| 9:25 | Create | Villager (Male) |
| 9:28 | Create | Villager (Male) |
| 9:55 | Age | Feudal Age |
| 10:18 | Build | Blacksmith |
| 10:24 | Build | Market |
| 10:56 | Build | Mining Camp |
| 11:14 | Create | Villager (Male) |
| 11:15 | Create | Villager (Male) |
| 11:25 | Build | Farm |
| 12:22 | Build | Farm |
| 13:35 | Research | Castle Age |
| 14:02 | Research | Double-Bit Axe |
| 14:07 | Research | Horse Collar |
| 15:42 | Build | Barracks |
| 15:56 | Create | Villager (Male) |
| 15:57 | Create | Villager (Male) |
| 15:57 | Create | Villager (Male) |
| 16:15 | Age | Castle Age |
| 16:19 | Build | Town Center |
| 16:31 | Build | Town Center |
| 16:44 | Create | Spearman |
| 16:44 | Create | Spearman |
| 16:45 | Create | Spearman |
| 17:32 | Create | Villager (Male) |
| 17:37 | Build | House |
| 17:38 | Build | House |
| 17:41 | Create | Villager (Male) |
| 17:41 | Create | Villager (Male) |
| 17:42 | Create | Villager (Male) |
| 17:49 | Create | Villager (Male) |
| 17:49 | Create | Villager (Male) |
| 18:09 | Build | Monastery |
| 18:21 | Build | Palisade Wall |
| 18:23 | Build | Palisade Wall |
| 18:29 | Create | Villager (Male) ×5 |
| 18:41 | Build | Farm |
| 18:58 | Build | Farm |
| 19:06 | Build | Farm |
| 19:31 | Build | Farm |
| 19:32 | Build | Farm |
| 19:34 | Build | Farm |
| 19:34 | Build | Farm |
| 19:38 | Create | Monk |
| 19:46 | Build | Farm |
| 19:47 | Build | Farm |
| 19:48 | Build | Farm |
| 19:54 | Create | Villager (Male) ×5 |
| 20:19 | Create | Villager (Male) ×3 |
| 20:28 | Create | Monk |
| 20:34 | Build | Mining Camp |
| 20:37 | Create | Spearman |
| 20:50 | Build | House |
| 20:52 | Build | House |
| 20:54 | Build | House |
| 20:55 | Build | House |
| 20:56 | Build | House |
| 20:59 | Build | House |
| 21:02 | Build | House |
| 21:28 | Build | Mining Camp |
| 21:34 | Build | Farm |
| 21:39 | Create | Villager (Male) ×5 |
| 21:45 | Build | Farm |
| 21:45 | Build | Farm |
| 21:46 | Build | Farm |
| 21:47 | Build | Farm |
| 21:47 | Build | Farm |
| 21:47 | Build | Farm |
| 21:49 | Build | Farm |
| 21:52 | Build | Farm |
| 22:46 | Build | Farm |
| 22:47 | Build | Farm |
| 22:49 | Build | Farm |
| 22:50 | Build | Farm |
| 22:51 | Build | Farm |
| 22:52 | Build | Farm |
| 22:56 | Create | Villager (Male) ×5 |
| 23:39 | Build | Stable |
| 24:09 | Build | Stable |
| 24:29 | Create | Villager (Male) ×5 |
| 24:44 | Create | Knight |
| 24:45 | Create | Knight |
| 25:07 | Build | House |
| 25:29 | Create | Knight |
| 25:33 | Research | Forging |
| 25:34 | Research | Scale Barding Armor |
| 25:37 | Create | Knight |
| 25:37 | Create | Knight |
| 25:38 | Research | Husbandry |
| 25:39 | Research | Bloodlines |
| 25:54 | Create | Villager (Male) ×5 |
| 26:04 | Build | Farm |
| 26:06 | Build | Farm |
| 26:07 | Build | Farm |
| 26:07 | Build | Farm |
| 26:10 | Build | Farm |
| 26:11 | Build | Farm |
| 26:29 | Build | House |
| 26:31 | Build | House |
| 26:32 | Build | House |
| 26:32 | Build | House |
| 26:32 | Build | House |
| 26:35 | Build | House |
| 27:23 | Build | Castle |
| 27:25 | Create | Villager (Male) ×5 |
| 28:04 | Build | Archery Range |
| 28:04 | Build | Archery Range |
| 28:05 | Build | Archery Range |
| 28:06 | Build | Archery Range |
| 28:14 | Research | Padded Archer Armor |
| 28:14 | Research | Fletching |
| 28:51 | Create | Skirmisher |
| 28:52 | Create | Skirmisher |
| 28:52 | Create | Skirmisher |
| 28:52 | Create | Skirmisher |
Build order — Stinsen_WX
First 150 of 329 actions detected
| 0:03 | Create | Villager (Male) |
| 0:03 | Create | Villager (Male) |
| 0:03 | Create | Villager (Male) |
| 0:03 | Create | Villager (Male) |
| 0:05 | Build | House |
| 0:10 | Build | House |
| 1:34 | Create | Villager (Male) |
| 1:49 | Build | Mill |
| 2:17 | Create | Villager (Male) |
| 2:43 | Create | Villager (Male) |
| 2:51 | Build | House |
| 2:52 | Build | House |
| 2:56 | Create | Villager (Male) |
| 3:25 | Create | Villager (Male) |
| 3:32 | Create | Villager (Male) |
| 3:53 | Create | Villager (Male) |
| 4:24 | Create | Villager (Male) |
| 4:24 | Create | Villager (Male) |
| 4:25 | Create | Villager (Male) |
| 5:19 | Create | Villager (Male) |
| 5:19 | Create | Villager (Male) |
| 5:20 | Create | Villager (Male) |
| 5:20 | Create | Villager (Male) |
| 6:35 | Create | Villager (Male) |
| 6:35 | Create | Villager (Male) |
| 6:36 | Create | Villager (Male) |
| 6:56 | Build | Lumber Camp |
| 8:22 | Research | Feudal Age |
| 8:35 | Build | Barracks |
| 8:54 | Build | House |
| 8:55 | Build | House |
| 9:23 | Create | Villager (Male) |
| 9:31 | Create | Villager (Male) |
| 9:45 | Build | Mill |
| 10:32 | Age | Feudal Age |
| 10:37 | Build | Stable |
| 10:44 | Create | Villager (Male) |
| 10:52 | Research | Horse Collar |
| 11:14 | Research | Double-Bit Axe |
| 11:19 | Research | Horse Collar |
| 11:30 | Create | Scout Cavalry |
| 11:32 | Create | Scout Cavalry |
| 11:41 | Create | Villager (Male) |
| 11:56 | Build | Stable |
| 12:06 | Create | Villager (Male) |
| 12:24 | Create | Scout Cavalry |
| 12:35 | Create | Villager (Male) |
| 12:55 | Build | Farm |
| 12:56 | Build | Farm |
| 12:56 | Build | Farm |
| 13:14 | Build | House |
| 13:15 | Build | House |
| 13:17 | Build | House |
| 13:21 | Create | Scout Cavalry |
| 13:44 | Build | Farm |
| 13:48 | Build | Farm |
| 14:03 | Build | Mining Camp |
| 14:43 | Build | Stone Wall |
| 16:00 | Build | Farm |
| 16:00 | Build | Farm |
| 16:00 | Build | Farm |
| 16:00 | Build | Farm |
| 16:00 | Build | Farm |
| 16:45 | Build | Blacksmith |
| 16:49 | Build | House |
| 16:57 | Research | Loom |
| 17:24 | Research | Castle Age |
| 17:58 | Build | Farm |
| 17:58 | Build | Farm |
| 18:24 | Create | Villager (Male) |
| 19:25 | Build | Archery Range |
| 19:26 | Build | Archery Range |
| 20:04 | Age | Castle Age |
| 20:18 | Build | Mining Camp |
| 20:20 | Create | Villager (Male) |
| 20:25 | Research | Fletching |
| 20:44 | Research | Thumb Ring |
| 20:52 | Create | Cavalry Archer ×4 |
| 20:57 | Create | Villager (Male) |
| 20:57 | Create | Villager (Male) |
| 20:58 | Create | Villager (Male) |
| 21:23 | Create | Cavalry Archer ×3 |
| 21:28 | Research | Padded Archer Armor |
| 21:32 | Create | Villager (Male) |
| 21:50 | Build | Town Center |
| 22:00 | Create | Villager (Male) |
| 22:05 | Create | Cavalry Archer |
| 22:37 | Create | Cavalry Archer ×2 |
| 22:42 | Create | Villager (Male) |
| 22:42 | Create | Villager (Male) |
| 23:10 | Create | Villager (Male) ×5 |
| 23:20 | Build | Farm |
| 23:27 | Build | Farm |
| 23:34 | Build | Farm |
| 23:50 | Research | Bloodlines |
| 23:58 | Create | Cavalry Archer ×3 |
| 24:05 | Research | Husbandry |
| 24:35 | Research | Light Cavalry (upgrade) |
| 25:47 | Build | Town Center |
| 25:52 | Create | Villager (Male) ×5 |
| 26:06 | Build | House |
| 26:07 | Build | House |
| 26:08 | Build | House |
| 26:09 | Build | House |
| 26:16 | Research | Bodkin Arrow |
| 26:46 | Create | Villager (Male) ×4 |
| 27:22 | Create | Villager (Male) ×4 |
| 29:29 | Build | Farm |
| 29:29 | Build | Farm |
| 29:35 | Build | Farm |
| 29:35 | Build | Farm |
| 29:36 | Build | Farm |
| 29:36 | Build | Farm |
| 29:36 | Build | Farm |
| 29:37 | Build | Farm |
| 30:18 | Build | Castle |
| 30:34 | Build | Farm |
| 30:34 | Build | Farm |
| 30:35 | Build | Farm |
| 30:35 | Build | Farm |
| 31:16 | Build | Farm |
| 31:26 | Research | Imperial Age |
| 32:03 | Research | Bow Saw |
| 32:07 | Research | Corvinian Army |
| 32:30 | Research | Heavy Plow |
| 32:33 | Research | Leather Archer Armor |
| 32:53 | Create | Villager (Male) ×5 |
| 32:57 | Research | Wheelbarrow |
| 33:11 | Build | Lumber Camp |
| 33:43 | Build | Archery Range |
| 33:50 | Create | Cavalry Archer ×3 |
| 33:54 | Create | Magyar Huszar ×5 |
| 33:54 | Create | Magyar Huszar ×5 |
| 34:07 | Create | Villager (Male) ×3 |
| 34:17 | Build | Farm |
| 34:27 | Build | Farm |
| 34:36 | Age | Imperial Age |
| 34:54 | Build | Town Center |
| 35:16 | Research | Parthian Tactics |
| 35:24 | Build | Archery Range |
| 35:29 | Create | Villager (Male) ×5 |
| 35:31 | Research | Two-Man Saw |
| 35:47 | Research | Gold Mining |
| 36:00 | Create | Cavalry Archer ×5 |
| 36:19 | Build | House |
| 36:22 | Build | House |
| 36:23 | Build | House |
| 36:30 | Build | House |
| 36:32 | Build | House |
| 36:39 | Research | Town Watch |
Build order — gebry_ct_94
First 150 of 190 actions detected
| 0:02 | Create | Villager (Male) |
| 0:03 | Create | Villager (Male) |
| 0:03 | Create | Villager (Male) |
| 0:04 | Create | Villager (Male) |
| 0:07 | Build | House |
| 0:08 | Build | House |
| 0:55 | Build | House |
| 1:23 | Research | Loom |
| 1:48 | Create | Villager (Male) |
| 2:17 | Create | Villager (Male) |
| 2:41 | Create | Villager (Male) |
| 3:15 | Create | Villager (Male) |
| 3:16 | Create | Villager (Male) |
| 3:16 | Create | Villager (Male) |
| 4:08 | Build | Mill |
| 4:38 | Create | Villager (Male) |
| 5:24 | Create | Villager (Male) |
| 6:15 | Create | Villager (Male) |
| 6:17 | Create | Villager (Male) ×4 |
| 7:00 | Build | Lumber Camp |
| 7:50 | Create | Villager (Male) |
| 7:52 | Create | Villager (Male) |
| 8:12 | Create | Villager (Male) |
| 10:45 | Research | Feudal Age |
| 10:51 | Create | Villager (Male) ×3 |
| 11:10 | Build | Farm |
| 11:11 | Build | Farm |
| 11:13 | Build | Farm |
| 11:15 | Build | Farm |
| 11:17 | Build | Farm |
| 11:20 | Build | Farm |
| 12:38 | Create | Villager (Male) |
| 12:58 | Build | Barracks |
| 12:58 | Age | Feudal Age |
| 13:08 | Build | House |
| 13:10 | Build | House |
| 13:27 | Build | House |
| 13:32 | Build | Mining Camp |
| 13:50 | Create | Villager (Male) ×5 |
| 14:14 | Build | Blacksmith |
| 14:19 | Build | House |
| 14:21 | Build | House |
| 14:30 | Build | Gate |
| 14:42 | Research | Man-at-Arms (upgrade) |
| 14:57 | Build | Farm |
| 15:03 | Build | Farm |
| 15:04 | Build | Farm |
| 15:08 | Build | Farm |
| 15:52 | Create | Villager (Male) |
| 15:58 | Research | Horse Collar |
| 16:05 | Create | Militia ×5 |
| 16:20 | Build | House |
| 16:22 | Build | House |
| 16:24 | Build | House |
| 16:27 | Build | House |
| 16:42 | Build | Farm |
| 17:06 | Create | Militia ×4 |
| 17:44 | Research | Forging |
| 18:12 | Create | Militia ×2 |
| 19:34 | Research | Scale Mail Armor |
| 19:51 | Create | Villager (Male) ×5 |
| 21:05 | Create | Militia ×5 |
| 21:27 | Build | Mining Camp |
| 21:40 | Build | Barracks |
| 21:57 | Build | Archery Range |
| 22:04 | Build | Stable |
| 22:14 | Build | House |
| 22:16 | Build | House |
| 22:18 | Build | House |
| 22:22 | Build | House |
| 22:24 | Build | House |
| 22:28 | Build | House |
| 22:29 | Build | House |
| 22:41 | Create | Villager (Male) ×5 |
| 23:59 | Build | Farm |
| 24:40 | Build | Farm |
| 24:51 | Create | Militia ×5 |
| 25:00 | Create | Skirmisher ×5 |
| 25:21 | Build | Farm |
| 26:54 | Build | Mining Camp |
| 27:14 | Research | Castle Age |
| 27:55 | Create | Villager (Male) ×4 |
| 29:32 | Build | Lumber Camp |
| 29:54 | Age | Castle Age |
| 30:25 | Research | Pikeman (upgrade) |
| 30:29 | Research | Squires |
| 30:35 | Research | Scale Barding Armor |
| 30:53 | Research | Elite Skirmisher (upgrade) |
| 30:59 | Create | Skirmisher ×5 |
| 32:03 | Build | Stone Wall |
| 32:12 | Build | Stone Wall |
| 32:32 | Create | Villager (Male) |
| 32:33 | Create | Villager (Male) |
| 32:34 | Create | Villager (Male) |
| 32:45 | Create | Villager (Male) |
| 33:18 | Research | Iron Casting |
| 33:19 | Research | Chain Mail Armor |
| 33:29 | Research | Chain Barding Armor |
| 34:38 | Create | Villager (Male) ×5 |
| 35:25 | Create | Skirmisher |
| 35:29 | Create | Skirmisher ×5 |
| 35:31 | Create | Skirmisher ×4 |
| 35:59 | Build | Castle |
| 36:18 | Build | Town Center |
| 37:06 | Create | Spearman ×5 |
| 37:07 | Create | Spearman ×5 |
| 37:28 | Research | Heavy Plow |
| 38:21 | Research | Town Watch |
| 38:36 | Create | Villager (Male) |
| 38:38 | Create | Villager (Male) ×5 |
| 39:02 | Build | Farm |
| 39:03 | Build | Farm |
| 39:06 | Build | Farm |
| 39:07 | Build | Farm |
| 39:09 | Build | Farm |
| 39:17 | Build | Mining Camp |
| 39:38 | Build | Stone Wall |
| 40:07 | Create | Skirmisher ×5 |
| 40:07 | Create | Skirmisher ×5 |
| 40:08 | Create | Skirmisher ×5 |
| 40:08 | Create | Skirmisher ×5 |
| 40:20 | Build | Lumber Camp |
| 40:52 | Research | Manipur Cavalry |
| 41:48 | Create | Arambai ×5 |
| 41:49 | Create | Arambai ×5 |
| 41:49 | Create | Arambai ×5 |
| 41:50 | Create | Arambai ×5 |
| 42:37 | Build | Town Center |
| 42:40 | Create | Arambai ×2 |
| 42:42 | Create | Arambai |
| 43:20 | Build | Farm |
| 43:29 | Research | Town Patrol |
| 44:06 | Create | Arambai ×4 |
| 44:30 | Create | Spearman ×5 |
| 44:31 | Create | Spearman ×5 |
| 44:31 | Create | Spearman ×5 |
| 44:37 | Create | Arambai ×2 |
| 44:53 | Build | Castle |
| 45:53 | Create | Spearman ×5 |
| 45:54 | Create | Spearman ×5 |
| 45:54 | Create | Spearman ×5 |
| 45:55 | Create | Spearman ×4 |
| 45:55 | Create | Spearman ×4 |
| 46:06 | Create | Villager (Male) ×5 |
| 46:18 | Build | Lumber Camp |
| 46:19 | Build | Lumber Camp |
| 47:33 | Create | Skirmisher ×5 |
| 47:34 | Create | Skirmisher ×2 |
| 50:26 | Research | Imperial Age |
| 51:10 | Build | Farm |
Build order — ek55
First 150 of 637 actions detected
| 0:01 | Create | Villager (Male) |
| 0:02 | Create | Villager (Male) |
| 0:02 | Create | Villager (Male) |
| 0:03 | Build | House |
| 0:05 | Build | House |
| 0:09 | Create | Villager (Male) |
| 0:10 | Create | Villager (Male) |
| 0:10 | Create | Villager (Male) |
| 1:31 | Create | Villager (Male) |
| 1:51 | Build | Lumber Camp |
| 2:03 | Create | Villager (Male) |
| 2:35 | Create | Villager (Male) |
| 2:47 | Research | Loom |
| 2:50 | Create | Villager (Male) |
| 3:13 | Create | Villager (Male) |
| 3:18 | Build | House |
| 3:24 | Build | House |
| 3:29 | Create | Villager (Male) |
| 3:29 | Create | Villager (Male) |
| 3:54 | Build | Mill |
| 3:58 | Create | Villager (Male) |
| 3:58 | Create | Villager (Male) |
| 4:30 | Create | Villager (Male) |
| 5:24 | Create | Villager (Male) |
| 5:25 | Create | Villager (Male) |
| 5:41 | Create | Villager (Male) |
| 5:52 | Create | Villager (Male) |
| 6:34 | Create | Villager (Male) |
| 7:32 | Build | Barracks |
| 7:47 | Build | Palisade Wall |
| 8:02 | Build | Mill |
| 9:04 | Research | Feudal Age |
| 9:48 | Build | House |
| 9:56 | Build | House |
| 10:04 | Build | Palisade Gate |
| 10:07 | Build | Palisade Gate |
| 10:40 | Create | Villager (Male) |
| 10:53 | Build | Lumber Camp |
| 11:08 | Age | Feudal Age |
| 11:15 | Research | Horse Collar |
| 11:18 | Research | Double-Bit Axe |
| 11:26 | Create | Villager (Male) |
| 11:33 | Build | Farm |
| 11:37 | Build | Farm |
| 12:18 | Create | Villager (Male) |
| 12:21 | Create | Villager (Male) |
| 12:36 | Build | Farm |
| 12:40 | Build | Farm |
| 12:47 | Build | Farm |
| 12:50 | Create | Villager (Male) |
| 12:55 | Build | House |
| 12:57 | Build | House |
| 13:09 | Create | Villager (Male) |
| 13:13 | Build | Farm |
| 13:49 | Build | Blacksmith |
| 14:04 | Build | Stable |
| 14:09 | Create | Villager (Male) |
| 14:09 | Create | Villager (Male) |
| 14:10 | Create | Villager (Male) |
| 14:44 | Build | Market |
| 15:15 | Build | House |
| 15:23 | Build | Archery Range |
| 15:26 | Build | House |
| 15:28 | Build | House |
| 15:36 | Research | Wheelbarrow |
| 16:03 | Build | Farm |
| 16:09 | Build | Farm |
| 16:13 | Build | Farm |
| 16:14 | Build | Farm |
| 16:28 | Build | Farm |
| 16:40 | Build | Farm |
| 16:43 | Create | Villager (Male) |
| 16:43 | Create | Villager (Male) |
| 16:56 | Build | Farm |
| 17:10 | Build | Farm |
| 17:28 | Build | Farm |
| 17:32 | Build | Farm |
| 17:36 | Research | Town Watch |
| 17:57 | Create | Archer |
| 18:03 | Create | Skirmisher |
| 18:13 | Research | Padded Archer Armor |
| 18:23 | Create | Villager (Male) |
| 18:23 | Create | Villager (Male) |
| 18:28 | Create | Villager (Male) |
| 18:36 | Create | Villager (Male) |
| 18:37 | Create | Villager (Male) |
| 18:37 | Create | Villager (Male) |
| 18:44 | Build | Mining Camp |
| 18:58 | Build | House |
| 19:03 | Build | Archery Range |
| 19:06 | Create | Skirmisher |
| 19:12 | Create | Archer |
| 19:19 | Create | Villager (Male) |
| 19:35 | Research | Gold Mining |
| 19:56 | Create | Villager (Male) |
| 19:57 | Create | Villager (Male) |
| 20:06 | Create | Archer |
| 20:27 | Research | Fletching |
| 20:30 | Create | Skirmisher |
| 20:33 | Create | Skirmisher |
| 20:38 | Build | House |
| 20:40 | Build | House |
| 20:42 | Build | House |
| 20:59 | Build | Mining Camp |
| 21:41 | Create | Villager (Male) |
| 21:53 | Research | Castle Age |
| 22:00 | Build | Farm |
| 22:21 | Create | Skirmisher |
| 22:22 | Create | Skirmisher |
| 22:22 | Create | Skirmisher |
| 22:23 | Create | Skirmisher |
| 22:24 | Create | Skirmisher |
| 22:33 | Build | House |
| 22:35 | Build | House |
| 22:37 | Build | House |
| 22:39 | Build | House |
| 22:40 | Build | House |
| 22:42 | Build | House |
| 22:46 | Create | Villager (Male) |
| 22:47 | Create | Villager (Male) |
| 23:17 | Research | Bloodlines |
| 23:23 | Create | Skirmisher |
| 23:23 | Create | Skirmisher |
| 23:27 | Research | Scale Barding Armor |
| 23:29 | Research | Forging |
| 23:33 | Create | Archer |
| 23:34 | Create | Archer |
| 24:36 | Age | Castle Age |
| 25:29 | Create | Villager (Male) |
| 25:30 | Create | Villager (Male) |
| 25:30 | Create | Villager (Male) |
| 25:31 | Research | Heavy Plow |
| 25:34 | Research | Gold Shaft Mining |
| 25:42 | Research | Bodkin Arrow |
| 25:42 | Research | Chain Barding Armor |
| 25:45 | Research | Elite Skirmisher (upgrade) |
| 25:48 | Research | Crossbowman (upgrade) |
| 25:52 | Create | Knight |
| 25:52 | Create | Knight |
| 25:52 | Create | Knight |
| 25:52 | Create | Knight |
| 25:56 | Create | Villager (Male) |
| 25:56 | Create | Villager (Male) |
| 25:56 | Create | Villager (Male) |
| 25:57 | Create | Villager (Male) |
| 25:57 | Create | Villager (Male) |
| 26:03 | Build | Town Center |
| 26:12 | Create | Villager (Male) |
| 26:13 | Create | Villager (Male) |
| 26:23 | Create | Villager (Male) |
Build order — Gnaffgnaff
First 150 of 686 actions detected
| 0:03 | Build | House |
| 0:05 | Build | House |
| 0:12 | Create | Villager (Male) |
| 0:12 | Create | Villager (Male) |
| 0:12 | Create | Villager (Male) |
| 0:13 | Create | Villager (Male) |
| 0:13 | Create | Villager (Male) |
| 0:13 | Create | Villager (Male) |
| 1:36 | Create | Villager (Male) |
| 2:19 | Create | Villager (Male) |
| 2:53 | Create | Villager (Male) |
| 2:56 | Create | Villager (Male) |
| 3:31 | Build | House |
| 3:32 | Create | Villager (Male) |
| 3:51 | Build | Settlement |
| 3:57 | Create | Villager (Male) |
| 4:15 | Build | House |
| 4:39 | Create | Villager (Male) |
| 4:52 | Create | Villager (Male) |
| 5:01 | Create | Villager (Male) |
| 5:33 | Create | Villager (Male) |
| 5:57 | Create | Villager (Male) |
| 6:25 | Create | Villager (Male) |
| 6:55 | Build | Settlement |
| 7:05 | Create | Villager (Male) |
| 7:48 | Research | Feudal Age |
| 9:12 | Build | Barracks |
| 9:58 | Age | Feudal Age |
| 10:04 | Create | Villager (Male) |
| 10:16 | Research | Double-Bit Axe |
| 10:17 | Create | Villager (Male) |
| 10:41 | Create | Villager (Male) |
| 10:46 | Create | Unit 2550 |
| 11:13 | Create | Villager (Male) |
| 11:19 | Build | Blacksmith |
| 11:45 | Create | Unit 2550 |
| 12:00 | Create | Unit 2550 |
| 12:22 | Create | Villager (Male) |
| 12:58 | Build | Barracks |
| 13:07 | Research | Tech 1402 |
| 13:14 | Create | Villager (Male) |
| 13:51 | Build | Farm |
| 13:57 | Build | Farm |
| 14:00 | Create | Villager (Male) |
| 14:23 | Build | Farm |
| 14:25 | Build | Farm |
| 14:53 | Create | Villager (Male) |
| 15:23 | Build | House |
| 15:24 | Build | House |
| 15:25 | Build | House |
| 15:37 | Build | Farm |
| 15:38 | Build | Farm |
| 15:38 | Build | Farm |
| 15:38 | Build | Farm |
| 15:39 | Build | Farm |
| 15:50 | Create | Villager (Male) |
| 16:17 | Create | Villager (Male) |
| 16:30 | Research | Forging |
| 16:31 | Create | Villager (Male) |
| 16:43 | Build | Farm |
| 16:44 | Create | Villager (Male) |
| 17:02 | Build | Farm |
| 17:13 | Build | Farm |
| 17:17 | Create | Villager (Male) |
| 17:33 | Build | Farm |
| 17:42 | Research | Loom |
| 17:44 | Create | Villager (Male) |
| 17:59 | Build | Farm |
| 18:02 | Create | Villager (Male) |
| 18:18 | Build | Farm |
| 18:29 | Create | Unit 2550 |
| 18:29 | Create | Unit 2550 |
| 18:51 | Create | Villager (Male) |
| 19:02 | Build | Farm |
| 19:03 | Build | Farm |
| 19:03 | Build | Farm |
| 19:03 | Build | Farm |
| 19:07 | Build | Farm |
| 19:12 | Build | Farm |
| 19:36 | Build | Settlement |
| 19:45 | Create | Villager (Male) |
| 19:59 | Build | Farm |
| 20:20 | Create | Villager (Male) |
| 20:37 | Build | Market |
| 20:48 | Create | Villager (Male) |
| 21:04 | Create | Villager (Male) |
| 21:24 | Build | Farm |
| 21:32 | Research | Castle Age |
| 21:38 | Research | Stone Mining |
| 21:50 | Build | Farm |
| 21:55 | Create | Villager (Male) |
| 21:59 | Build | House |
| 22:00 | Build | House |
| 22:02 | Build | House |
| 22:04 | Build | House |
| 22:05 | Create | Villager (Male) |
| 22:14 | Research | Horse Collar |
| 22:22 | Create | Unit 2550 |
| 22:22 | Create | Unit 2550 |
| 22:22 | Create | Unit 2550 |
| 22:22 | Create | Unit 2550 |
| 23:00 | Research | Scale Mail Armor |
| 24:18 | Age | Castle Age |
| 24:24 | Research | Squires |
| 24:25 | Research | Tech 1351 |
| 24:39 | Create | Villager (Male) |
| 24:41 | Research | Bow Saw |
| 24:42 | Research | Heavy Plow |
| 24:55 | Create | Villager (Male) |
| 25:13 | Create | Villager (Male) |
| 26:05 | Build | Farm |
| 26:38 | Build | Castle |
| 26:39 | Create | Villager (Male) |
| 26:42 | Create | Villager (Male) |
| 27:20 | Create | Villager (Male) |
| 27:35 | Build | Town Center |
| 27:37 | Create | Villager (Male) |
| 27:55 | Create | Villager (Male) |
| 28:31 | Create | Villager (Male) |
| 28:48 | Create | Villager (Male) |
| 28:59 | Build | Town Center |
| 29:02 | Create | Villager (Male) |
| 29:11 | Create | Villager (Male) |
| 29:26 | Create | Villager (Male) |
| 29:32 | Create | Villager (Male) |
| 29:39 | Create | Villager (Male) |
| 29:51 | Create | Villager (Male) |
| 29:57 | Create | Villager (Male) |
| 29:57 | Create | Villager (Male) |
| 30:05 | Create | Villager (Male) |
| 30:16 | Create | Villager (Male) |
| 30:20 | Create | Villager (Male) |
| 30:29 | Create | Villager (Male) |
| 30:30 | Create | Villager (Male) |
| 30:36 | Build | Farm |
| 30:41 | Build | Farm |
| 31:00 | Research | Tech 1365 |
| 31:05 | Build | Farm |
| 31:16 | Build | Stone Wall |
| 31:22 | Build | Farm |
| 31:23 | Create | Villager (Male) |
| 31:25 | Research | Wheelbarrow |
| 31:40 | Build | Barracks |
| 31:41 | Build | Barracks |
| 31:45 | Build | Farm |
| 31:46 | Create | Villager (Male) |
| 31:48 | Research | Gold Mining |
| 31:48 | Research | Stone Shaft Mining |
| 31:50 | Create | Villager (Male) |
| 32:07 | Build | Gate |
Build order — anmichpap
First 150 of 500 actions detected
| 0:03 | Create | Villager (Male) |
| 0:04 | Create | Villager (Male) |
| 0:04 | Create | Villager (Male) |
| 0:04 | Create | Villager (Male) |
| 0:04 | Create | Villager (Male) |
| 0:10 | Build | House |
| 0:10 | Build | House |
| 0:11 | Build | House |
| 0:11 | Build | House |
| 1:20 | Build | Lumber Camp |
| 1:55 | Create | Villager (Male) |
| 2:22 | Research | Loom |
| 2:40 | Create | Villager (Male) |
| 3:01 | Create | Villager (Male) |
| 3:50 | Create | Villager (Male) |
| 3:51 | Create | Villager (Male) |
| 4:13 | Build | Mill |
| 4:23 | Create | Villager (Male) |
| 4:23 | Create | Villager (Male) |
| 5:23 | Create | Villager (Male) |
| 5:23 | Create | Villager (Male) |
| 5:23 | Create | Villager (Male) |
| 5:32 | Build | Farm |
| 5:48 | Build | Farm |
| 5:58 | Build | Farm |
| 6:08 | Build | Farm |
| 6:26 | Create | Villager (Male) |
| 6:27 | Create | Villager (Male) |
| 6:36 | Build | Farm |
| 7:04 | Create | Villager (Male) |
| 7:04 | Create | Villager (Male) |
| 7:04 | Create | Villager (Male) |
| 7:16 | Build | Farm |
| 7:32 | Build | Farm |
| 8:03 | Create | Villager (Male) |
| 9:12 | Research | Feudal Age |
| 9:21 | Build | Farm |
| 9:36 | Build | Farm |
| 9:38 | Build | Farm |
| 9:41 | Build | Farm |
| 10:40 | Create | Villager (Male) |
| 10:40 | Create | Villager (Male) |
| 10:40 | Create | Villager (Male) |
| 10:41 | Create | Villager (Male) |
| 10:41 | Create | Villager (Male) |
| 10:42 | Create | Villager (Male) |
| 10:59 | Build | House |
| 11:22 | Age | Feudal Age |
| 11:23 | Research | Double-Bit Axe |
| 11:41 | Build | Stone Wall |
| 12:02 | Research | Horse Collar |
| 12:30 | Build | Mining Camp |
| 13:14 | Build | Stone Wall |
| 13:29 | Build | House |
| 13:33 | Create | Villager (Male) |
| 13:34 | Create | Villager (Male) |
| 13:34 | Create | Villager (Male) |
| 13:34 | Create | Villager (Male) |
| 13:34 | Create | Villager (Male) |
| 15:32 | Create | Villager (Male) |
| 15:32 | Create | Villager (Male) |
| 15:33 | Create | Villager (Male) |
| 15:33 | Create | Villager (Male) |
| 15:33 | Create | Villager (Male) |
| 15:33 | Create | Villager (Male) |
| 16:44 | Build | House |
| 17:00 | Create | Villager (Male) |
| 17:01 | Create | Villager (Male) |
| 17:17 | Build | Stone Wall |
| 17:47 | Build | Stone Wall |
| 18:02 | Create | Villager (Male) |
| 18:55 | Build | Lumber Camp |
| 19:09 | Build | House |
| 20:17 | Build | Farm |
| 20:19 | Build | Farm |
| 20:28 | Build | Watch Tower |
| 21:02 | Build | Stone Wall |
| 21:19 | Create | Villager (Male) |
| 21:20 | Create | Villager (Male) |
| 21:20 | Create | Villager (Male) |
| 21:20 | Create | Villager (Male) |
| 21:27 | Build | Farm |
| 21:30 | Build | Farm |
| 21:36 | Build | Farm |
| 21:55 | Build | Market |
| 22:16 | Build | Stone Wall |
| 22:32 | Build | Mining Camp |
| 23:03 | Build | House |
| 23:03 | Build | House |
| 23:04 | Build | House |
| 23:05 | Build | House |
| 23:05 | Build | House |
| 23:05 | Build | House |
| 23:06 | Build | House |
| 23:13 | Build | Blacksmith |
| 23:32 | Build | Farm |
| 23:34 | Build | Farm |
| 23:35 | Build | Farm |
| 23:51 | Build | Farm |
| 23:52 | Build | Farm |
| 23:55 | Build | Farm |
| 24:02 | Build | Farm |
| 24:34 | Build | Stone Wall |
| 25:21 | Build | Stone Wall |
| 25:34 | Build | Stone Wall |
| 25:47 | Research | Castle Age |
| 26:40 | Research | Stone Mining |
| 26:40 | Research | Gold Mining |
| 27:18 | Build | House |
| 27:19 | Build | House |
| 27:19 | Build | House |
| 27:19 | Build | House |
| 27:20 | Build | House |
| 27:20 | Build | House |
| 27:20 | Build | House |
| 27:21 | Build | House |
| 27:21 | Build | House |
| 27:21 | Build | House |
| 27:22 | Build | House |
| 27:23 | Build | House |
| 27:23 | Build | House |
| 27:23 | Build | House |
| 27:24 | Build | House |
| 27:36 | Build | Mining Camp |
| 28:27 | Age | Castle Age |
| 28:35 | Build | Town Center |
| 29:48 | Build | Mining Camp |
| 30:02 | Build | Town Center |
| 30:07 | Research | Stone Shaft Mining |
| 30:13 | Research | Wheelbarrow |
| 30:14 | Create | Villager (Male) |
| 30:14 | Create | Villager (Male) |
| 30:15 | Create | Villager (Male) |
| 30:15 | Create | Villager (Male) |
| 30:15 | Create | Villager (Male) |
| 30:16 | Create | Villager (Male) |
| 30:16 | Create | Villager (Male) |
| 30:54 | Create | Villager (Male) |
| 30:55 | Create | Villager (Male) |
| 30:55 | Create | Villager (Male) |
| 30:55 | Create | Villager (Male) |
| 30:56 | Create | Villager (Male) |
| 30:56 | Create | Villager (Male) |
| 30:56 | Create | Villager (Male) |
| 30:56 | Create | Villager (Male) |
| 30:57 | Create | Villager (Male) |
| 30:57 | Create | Villager (Male) |
| 31:09 | Create | Villager (Male) |
| 31:09 | Create | Villager (Male) |
| 31:10 | Create | Villager (Male) |
Build order — 1627684093
First 150 of 661 actions detected
| 0:31 | Build | House |
| 0:43 | Create | Villager (Male) |
| 0:43 | Research | Loom |
| 0:44 | Create | Villager (Male) |
| 0:44 | Create | Villager (Male) |
| 0:44 | Create | Villager (Male) |
| 0:44 | Create | Villager (Male) |
| 0:44 | Create | Villager (Male) |
| 0:51 | Build | House |
| 1:34 | Build | House |
| 2:39 | Create | Villager (Male) |
| 2:39 | Create | Villager (Male) |
| 2:39 | Create | Villager (Male) |
| 2:39 | Create | Villager (Male) |
| 3:50 | Create | Villager (Male) |
| 3:50 | Create | Villager (Male) |
| 4:26 | Build | Lumber Camp |
| 4:29 | Create | Villager (Male) |
| 4:29 | Create | Villager (Male) |
| 4:36 | Build | House |
| 4:41 | Build | House |
| 4:44 | Build | House |
| 4:47 | Build | House |
| 5:06 | Create | Villager (Male) |
| 5:07 | Create | Villager (Male) |
| 5:07 | Create | Villager (Male) |
| 5:07 | Create | Villager (Male) |
| 5:07 | Create | Villager (Male) |
| 5:35 | Create | Villager (Male) |
| 5:35 | Create | Villager (Male) |
| 5:35 | Create | Villager (Male) |
| 5:35 | Create | Villager (Male) |
| 5:57 | Create | Villager (Male) |
| 5:57 | Create | Villager (Male) |
| 5:57 | Create | Villager (Male) |
| 6:24 | Build | House |
| 7:11 | Create | Villager (Male) |
| 7:11 | Create | Villager (Male) |
| 7:11 | Create | Villager (Male) |
| 7:32 | Build | Palisade Gate |
| 7:35 | Build | House |
| 7:37 | Build | House |
| 7:44 | Create | Villager (Male) |
| 7:44 | Create | Villager (Male) |
| 8:00 | Create | Villager (Male) |
| 8:01 | Create | Villager (Male) |
| 8:07 | Build | Mill |
| 8:48 | Build | Palisade Gate |
| 9:00 | Create | Villager (Male) |
| 9:00 | Create | Villager (Male) |
| 9:17 | Build | Mill |
| 10:02 | Build | Mill |
| 10:25 | Build | Farm |
| 10:32 | Build | Farm |
| 10:42 | Build | Farm |
| 10:52 | Create | Villager (Male) |
| 10:52 | Create | Villager (Male) |
| 10:52 | Create | Villager (Male) |
| 10:53 | Create | Villager (Male) |
| 10:53 | Create | Villager (Male) |
| 10:53 | Create | Villager (Male) |
| 10:53 | Create | Villager (Male) |
| 10:53 | Create | Villager (Male) |
| 10:54 | Create | Villager (Male) |
| 10:54 | Create | Villager (Male) |
| 11:18 | Create | Villager (Male) |
| 11:18 | Create | Villager (Male) |
| 12:31 | Build | House |
| 12:34 | Build | Palisade Wall |
| 12:38 | Build | Palisade Gate |
| 12:41 | Build | House |
| 12:48 | Build | House |
| 12:51 | Build | House |
| 12:53 | Build | House |
| 12:57 | Build | House |
| 12:59 | Build | House |
| 13:04 | Research | Feudal Age |
| 13:04 | Research | Feudal Age |
| 13:13 | Build | Farm |
| 13:17 | Build | Farm |
| 13:21 | Build | Farm |
| 13:26 | Build | Farm |
| 13:29 | Build | Farm |
| 13:41 | Create | Villager (Male) |
| 13:41 | Create | Villager (Male) |
| 14:15 | Create | Villager (Male) |
| 14:15 | Create | Villager (Male) |
| 14:59 | Build | House |
| 15:03 | Build | House |
| 15:06 | Build | House |
| 15:08 | Age | Feudal Age |
| 15:10 | Create | Villager (Male) |
| 15:11 | Create | Villager (Male) |
| 15:11 | Create | Villager (Male) |
| 15:17 | Research | Double-Bit Axe |
| 15:43 | Build | Mining Camp |
| 15:50 | Build | Mining Camp |
| 15:55 | Create | Villager (Male) |
| 16:15 | Build | House |
| 16:24 | Create | Villager (Male) |
| 16:56 | Build | Blacksmith |
| 17:00 | Build | House |
| 17:19 | Create | Villager (Male) |
| 17:19 | Create | Villager (Male) |
| 17:19 | Create | Villager (Male) |
| 17:58 | Build | Gate |
| 18:04 | Build | Gate |
| 18:08 | Build | House |
| 18:12 | Build | House |
| 18:32 | Build | Market |
| 18:47 | Build | Stone Wall |
| 19:00 | Create | Villager (Male) |
| 19:00 | Create | Villager (Male) |
| 19:39 | Build | House |
| 19:42 | Build | House |
| 19:46 | Build | House |
| 19:49 | Build | House |
| 19:52 | Build | House |
| 20:15 | Build | Gate |
| 20:39 | Build | Lumber Camp |
| 21:06 | Research | Castle Age |
| 21:06 | Research | Castle Age |
| 21:39 | Build | House |
| 21:42 | Build | House |
| 21:44 | Build | House |
| 21:46 | Build | House |
| 21:50 | Build | House |
| 21:55 | Create | Villager (Male) |
| 21:55 | Create | Villager (Male) |
| 21:55 | Create | Villager (Male) |
| 22:23 | Create | Villager (Male) |
| 22:23 | Create | Villager (Male) |
| 22:34 | Build | Gate |
| 22:43 | Build | Stone Wall |
| 23:03 | Create | Villager (Male) |
| 23:03 | Create | Villager (Male) |
| 23:04 | Create | Villager (Male) |
| 23:31 | Age | Castle Age |
| 23:40 | Build | Town Center |
| 23:50 | Create | Villager (Male) |
| 23:51 | Create | Villager (Male) |
| 23:51 | Create | Villager (Male) |
| 24:14 | Build | House |
| 24:36 | Build | Stone Wall |
| 24:44 | Build | House |
| 25:08 | Build | House |
| 25:16 | Build | Castle |
| 25:34 | Create | Villager (Male) |
| 25:35 | Create | Villager (Male) |
| 25:35 | Create | Villager (Male) |
Match timeline
| 7:32 | ek55 · first_building Barracks |
| 7:47 | ek55 · wall_segment Palisade Wall x5 |
| 8:35 | Stinsen_WX · first_building Barracks |
| 9:12 | Gnaffgnaff · first_building Barracks |
| 9:55 | oblivion9595 · age_up feudal |
| 9:58 | Gnaffgnaff · age_up feudal |
| 10:32 | Stinsen_WX · age_up feudal |
| 10:37 | Stinsen_WX · first_building Stable |
| 11:02 | PokerCoffee · first_building Barracks |
| 11:08 | ek55 · age_up feudal |
| 11:22 | anmichpap · age_up feudal |
| 11:41 | anmichpap · wall_segment Stone Wall x18 |
| 12:15 | PokerCoffee · age_up feudal |
| 12:34 | 1627684093 · wall_segment Palisade Wall x1 |
| 12:58 | gebry_ct_94 · first_building Barracks |
| 12:58 | gebry_ct_94 · age_up feudal |
| 13:14 | anmichpap · wall_segment Stone Wall x14 |
| 14:04 | ek55 · first_building Stable |
| 14:43 | Stinsen_WX · wall_segment Stone Wall x28 |
| 15:08 | 1627684093 · age_up feudal |
| 15:23 | ek55 · first_building Archery Range |
| 15:42 | oblivion9595 · first_building Barracks |
| 16:15 | oblivion9595 · age_up castle |
| 17:17 | anmichpap · wall_segment Stone Wall x17 |
| 17:47 | anmichpap · wall_segment Stone Wall x11 |
| 18:09 | oblivion9595 · first_building Monastery |
| 18:21 | oblivion9595 · wall_segment Palisade Wall x6 |
| 18:23 | oblivion9595 · wall_segment Palisade Wall x4 |
| 18:44 | PokerCoffee · first_building Stable |
| 18:47 | 1627684093 · wall_segment Stone Wall x1 |
| 19:25 | Stinsen_WX · first_building Archery Range |
| 20:04 | Stinsen_WX · age_up castle |
| 21:02 | anmichpap · wall_segment Stone Wall x9 |
| 21:57 | gebry_ct_94 · first_building Archery Range |
| 22:04 | gebry_ct_94 · first_building Stable |
| 22:16 | anmichpap · wall_segment Stone Wall x8 |
| 22:25 | PokerCoffee · wall_segment Palisade Wall x9 |
| 22:43 | 1627684093 · wall_segment Stone Wall x3 |
| 23:26 | PokerCoffee · wall_segment Palisade Wall x5 |
| 23:29 | PokerCoffee · age_up castle |
| 23:31 | 1627684093 · age_up castle |
| 23:39 | oblivion9595 · first_building Stable |
| 23:59 | PokerCoffee · wall_segment Palisade Wall x7 |
| 24:18 | Gnaffgnaff · age_up castle |
| 24:34 | anmichpap · wall_segment Stone Wall x13 |
| 24:36 | ek55 · age_up castle |
| 24:36 | 1627684093 · wall_segment Stone Wall x4 |
| 25:16 | 1627684093 · first_building Castle |
| 25:21 | anmichpap · wall_segment Stone Wall x14 |
| 25:23 | Gnaffgnaff · first_market_buy 100 stone |
| 25:34 | anmichpap · wall_segment Stone Wall x22 |
| 26:23 | Gnaffgnaff · first_market_sell 100 food |
| 26:38 | Gnaffgnaff · first_building Castle |
| 27:23 | oblivion9595 · first_building Castle |
| 28:04 | oblivion9595 · first_building Archery Range |
| 28:23 | PokerCoffee · first_building Castle |
| 28:27 | anmichpap · age_up castle |
| 28:39 | PokerCoffee · first_building Archery Range |
| 29:17 | ek55 · first_building Monastery |
| 29:54 | gebry_ct_94 · age_up castle |
| 30:18 | Stinsen_WX · first_building Castle |
| 31:16 | Gnaffgnaff · wall_segment Stone Wall x14 |
| 32:03 | gebry_ct_94 · wall_segment Stone Wall x7 |
| 32:12 | gebry_ct_94 · wall_segment Stone Wall x11 |
| 32:12 | 1627684093 · first_building Monastery |
| 32:30 | oblivion9595 · age_up imperial |
| 32:44 | ek55 · age_up imperial |
| 33:50 | PokerCoffee · wall_segment Palisade Wall x9 |
| 34:09 | PokerCoffee · first_building Siege Workshop |
| 34:36 | Stinsen_WX · age_up imperial |
| 35:59 | gebry_ct_94 · first_building Castle |
| 37:15 | PokerCoffee · first_market_buy 100 stone |
| 37:38 | anmichpap · first_building Castle |
| 37:48 | 1627684093 · first_market_sell 100 wood |
| 37:51 | 1627684093 · first_market_buy 100 food |
| 38:07 | Gnaffgnaff · age_up imperial |
| 39:38 | gebry_ct_94 · wall_segment Stone Wall x14 |
| 41:02 | anmichpap · first_building Monastery |
| 41:13 | Stinsen_WX · first_market_sell 500 food |
| 41:20 | ek55 · first_building Siege Workshop |
| 41:32 | PokerCoffee · wall_segment Palisade Wall x13 |
| 41:38 | ek55 · first_building Castle |
| 41:43 | 1627684093 · age_up imperial |
| 43:16 | 1627684093 · first_building Barracks |
| 43:20 | 1627684093 · wall_segment Palisade Wall x1 |
| 43:45 | 1627684093 · wall_segment Stone Wall x2 |
| 43:47 | oblivion9595 · first_building Siege Workshop |
| 44:35 | anmichpap · age_up imperial |
| 47:37 | 1627684093 · first_building Stable |
| 49:20 | anmichpap · first_building Barracks |
| 50:41 | Gnaffgnaff · first_building Siege Workshop |
| 52:10 | anmichpap · first_building Stable |
| 53:20 | anmichpap · first_building Siege Workshop |
| 57:21 | 1627684093 · first_building Siege Workshop |
| 57:26 | gebry_ct_94 · age_up imperial |
| 57:44 | Stinsen_WX · wall_segment Stone Wall x11 |
| 60:03 | PokerCoffee · first_market_sell 100 food |
| 61:39 | Gnaffgnaff · resign |
[ AI ANALYSIS · 1 CREDIT ]
What really happened in this match?
Wolo.gg analyzes every decision: build order, eco, micro, common mistakes by bracket. Personalized analysis on WhatsApp or Discord in 30 seconds.
Civ guide
Goths
Perfil
Jugador #9932466